AoeStats
← elrisas

Arabia

509779879Analyzed
1v1 RM · 6d ago on Sep 28, 2026· 36m 18s· 2 players
Game mode
Random Map
Map size
Tiny (2 player)
Population
200
Speed
Normal
Resources
Standard
Victory
Conquest
Starting age
Dark Age
Ending age
Imperial Age
RankedLock teamsTeams togetherTeam positionsShared explorationLock speedFull tech treeHidden civsTurbo modeCheats
Victory
Defeat
🇪🇸 Armenians · Spain
926
+17
🇦🇷 Portuguese · Argentina
938
-17
TETE SKEDAR
9:49 Feudal Age
9:58 Man-at-Arms
14:24 Double-Bit Axe
19:10 Wheelbarrow
18:22 Loom
23:10 Castle Age
21:44 Stone Mining
22:03 Pikeman
22:28 Long Swordsman
23:15 Scale Mail Armor
23:37 Gambesons
25:50 Horse Collar
30:15 Forging
30:21 Chain Mail Armor
31:20 Two-Handed Swordsman
31:46 Gambesons
32:02 Squires
31:48 Arson
35:51 Iron Casting
elrisas
6:40 Loom
10:11 Feudal Age
10:45 Double-Bit Axe
10:47 Town Watch
22:07 Castle Age
20:59 Scale Barding Armor
22:30 Wheelbarrow
22:12 Forging
23:15 Chain Barding Armor
27:58 Hand Cart
28:54 Bloodlines
28:52 Husbandry
29:14 Man-at-Arms
30:00 Horse Collar
30:39 Scale Mail Armor
30:47 Long Swordsman
32:25 Bow Saw
33:15 Iron Casting
36:05 Chain Mail Armor
Connection lost

Rejoining the realm…

Still unreachable

The connection could not be restored.

Session expired

The server has moved on; the page needs a fresh start.